 Dungeon Crawl Stone Soup version 0.28.0-53-g5a82cb258f (webtiles) character file.

Game seed: 788004326681427738

171 Zeld the Conjurer (level 5, 0/38 HPs)
             Began as a Draconian Conjurer on June 8, 2022.
             Slain by Grinder (5 damage)
             ... on level 3 of the Dungeon.
             The game lasted 00:03:08 (4520 turns).

Zeld the Conjurer (Draconian Conjurer)              Turns: 4520, Time: 00:03:08

Health: 0/38       AC:  5    Str: 10    XL:     5   Next: 26%
Magic:  2/9        EV: 12    Int: 20    God:
Gold:   95         SH:  0    Dex:  9    Spells: 2/9 levels left

rFire   . . .      SeeInvis .   i - +0 mace (venom)
rCold   . . .      Faith    .   (no shield)
rNeg    . . .      Spirit   .   (armour unavailable)
rPois   .          Reflect  .   (helmet restricted)
rElec   .          Harm     .   (no cloak)
rCorr   .          Rampage  .   (no gloves)
Will    .....                   (no boots)
Stlth   ++........              (no amulet)
HPRegen 0.12/turn               (no ring)
MPRegen 0.11/turn               (no ring)

@: no status effects
A: AC +5, unfitting armour, cold-blooded
a: no special abilities


You were on level 3 of the Dungeon.
You visited 1 branch of the dungeon, and saw 3 of its levels.

You collected 95 gold pieces.

Inventory:

Hand Weapons
 i - a +0 mace of venom (weapon)
Jewellery
 h - a +6 ring of dexterity
Scrolls
 a - 2 scrolls of identify {unknown}
 c - a scroll of torment {unknown}
 e - a scroll of fear {unknown}
 f - 2 scrolls of immolation {unknown}
 g - a scroll of enchant weapon {unknown}
 j - a scroll of blinking {unknown}
Potions
 b - 2 potions of lignification {unknown}
 d - a potion of flight {unknown}
 k - 2 potions of resistance {unknown}


   Skills:
 + Level 2.6 Dodging
 - Level 1.7 Stealth
 + Level 2.7 Spellcasting
 + Level 4.7 Conjurations
 - Level 2.0 Hexes
 - Level 2.0 Translocations


You had 2 spell levels left.
You knew the following spells:

 Your Spells              Type           Power      Damage    Failure   Level
a - Magic Dart            Conj           84%        1d7       2%          1
b - Searing Ray           Conj           42%        2d6       3%          2
c - Fulminant Prism       Conj/Hex       8%         3d7       36%         4

Your spell library contained the following spells:

 Spells                   Type           Power      Damage    Failure   Level
 Slow                     Hex            40%        N/A       6%          1
 Static Discharge         Conj/Air       12%        N/A       9%          2
 Dazzling Flash           Conj/Hex       32%        N/A       11%         3
 Confusing Touch          Hex            10%        N/A       19%         3
 Iskenderun's Mystic Bla  Conj/Tloc      16%        2d5       36%         4
 Vampiric Draining        Necr           2%         2d6       41%         3
 Lightning Bolt           Conj/Air       6%         1d18      83%         5
 Conjure Ball Lightning   Conj/Air       6%         3x3d6     100%        6
 Discord                  Hex            5%         N/A       100%        8
 Disjunction              Tloc           5%         N/A       100%        8
 Maxwell's Capacitive Co  Air            1%         ∞         100%        8


Dungeon Overview and Level Annotations

Branches:
Dungeon (3/15)

Altars:

Annotations:
D:3 Grinder


Innate Abilities, Weirdness & Mutations

Your plain brown scales are hard. (AC +5)
You cannot fit into any form of body armour.
You are cold-blooded and may be slowed by cold attacks.


Message History

You barely resist.
Casting: Searing Ray (safe; 3% risk of failure)
Confirm with . or Enter, or press ? or * to list all spells.
Aiming: Searing Ray (safe; 3% risk of failure)
Press: ? - help, Shift-Dir - straight line, f - Grinder
Aim: Grinder (moderately wounded, 75% to hit)
The searing ray hits Grinder.
Grinder is moderately wounded. (Press . to maintain the ray.) Unknown command.
The searing ray hits Grinder.
Grinder is heavily wounded.
Grinder gestures at you. Pain shoots through your body!
You barely miss Grinder.
Grinder is heavily wounded.
Grinder barely misses you. Grinder hits you.
You writhe in agony.
You barely miss Grinder.
Grinder is heavily wounded.
Grinder hits you.
You writhe in agony.
Casting: Searing Ray (safe; 3% risk of failure)
Confirm with . or Enter, or press ? or * to list all spells.
Aiming: Searing Ray (safe; 3% risk of failure)
Press: ? - help, Shift-Dir - straight line, f/p - Grinder
Aim: Grinder (heavily wounded, 75% to hit)
The searing ray misses Grinder. (Press . to maintain the ray.) Grinder hits you!
* * * LOW HITPOINT WARNING * * *
You writhe in agony.
* * * LOW HITPOINT WARNING * * *
The searing ray hits Grinder.
Grinder is heavily wounded.
Grinder closely misses you.
Unknown command.
Unknown command.
The searing ray hits Grinder!
Grinder is severely wounded.
Grinder hits you.
You die...

....... #......# #...#
....... #......# #...#
....... #......# ...#
#...♣
.......##......#####..#
#..♣♣
.......''......'......#
♣
.......##....).#####..#
♣♣ .......
#..........##.# P≈
$...... #........#.##.#
≈≈ #######
#.......@#.##.## ≈≈
###'##..5#'##..# ≈≈
#<..[......#.##.##...≈≈
##.........#..#.##.#.#♣
#.........##.#......#.
#######'####..###.....
#............#..##
#.#...............
#.#........#....#.


You could see Grinder.

Vanquished Creatures
  A water moccasin zombie (D:3)
  3 adders
  4 dart slugs
  6 orcs
  5 ball pythons
  6 endoplasms
  4 giant cockroaches
  5 goblins
  7 hobgoblins
  6 jackals
  A quokka (D:2)
  7 bats
  A frilled lizard (D:1)
  8 kobolds
  4 rats
68 creatures vanquished.

Vanquished Creatures (others)
  A fungus (D:2)
  4 plants
5 creatures vanquished.

Grand Total: 73 creatures vanquished

Notes
Turn   | Place    | Note
-------+----------+-------------------------------------------
     0 | D:1      | Zeld the Draconian Conjurer began the quest for the Orb.
     0 | D:1      | Reached XP level 1. HP: 14/14 MP: 3/3
   471 | D:1      | Reached XP level 2. HP: 12/20 MP: 0/5
   638 | D:1      | Learned a level 2 spell: Searing Ray
   704 | D:1      | Reached skill level 1 in Translocations
  1000 | D:1      | Reached skill level 1 in Hexes
  1716 | D:1      | Reached XP level 3. HP: 26/26 MP: 1/6
  2340 | D:2      | Found a faded altar of an unknown god.
  2882 | D:2      | Reached XP level 4. HP: 33/33 MP: 3/7
  3165 | D:2      | Learned a level 4 spell: Fulminant Prism
  3801 | D:3      | Reached XP level 5. HP: 37/38 MP: 5/8
  3851 | D:3      | Noticed Grinder
  3859 | D:3      | Paralysed by Grinder for 4 turns
  4520 | D:3      | Slain by Grinder

Illustrated notes

Levels and vault maps discovered:
D:1:      matt_arrival_refuge, layout_basic, st_stairs_1,
          corexii_item_surrounded_by_moat
D:2:      layout_loops_ring, shapermc_ecumenical_altar_mp_ritualfount
D:3:      layout_basic, serial_bayou_lagoon_b, uniq_grinder, uniq_jessica

Skill      XL: |  1  2  3  4 |
---------------+-------------+-----
Translocations | 1 2 |  2.0
Hexes          | 1 2 |  2.0
Dodging        | 2 |  2.6
Stealth        | |  1.7
Spellcasting   | |  2.7
Conjurations   | |  4.7

Action                   |  1- 3 |  4- 6 || total
-------------------------+-------+-------++-------
Melee: Unarmed           |    80 |     8 ||    88
       Tailslap          |    14 |     2 ||    16
       Mace              |       |    32 ||    32
 Cast: Magic Dart        |    25 |     1 ||    26
       Searing Ray       |    27 |    10 ||    37
 Stab: Sleeping          |     1 |     1 ||     2
Armor: Skin              |    56 |    19 ||    75
Dodge: Dodged            |   132 |    41 ||   173
